Cogmind - Beta 13 @@@ ROGUE MODE // 2024.07.11 @ 19:54:38 Player: Zamshi Result: Destroyed by as-04055 with Assembled Rifle Performance ------------- Evolutions (0) 0 Regions Visited (2) 400 Robots Destroyed (14) 70 Value Destroyed (234) 234 Prototype IDs (2) 40 Alien Tech Used (0) 0 Bonus (0) 0 TOTAL SCORE: 744 Bonus ------- None Cogmind --------- Core Integrity 0/250 Matter 440/450 Energy 100/100 System Corruption 0% Temperature Cool (0) Movement Core (250) Ox4 Location -10/Mines Parts ------- > --- POWER (1) -------- (None) > --- PROPULSION (2) --- (None) > --- UTILITY (2) ------ Medium Storage Unit Large Matter Pod > --- WEAPON (2) ------- (None) > --- INVENTORY (10) --- Aluminum Leg Flight Unit Heat Sink Medium Matter Pod (0) Peak State ------------ > --- POWER ------------ Light Ion Engine > --- PROPULSION ------- Aluminum Leg Aluminum Leg > --- UTILITY ---------- Medium Matter Pod Medium Matter Pod > --- WEAPON ----------- EM Pulse Gun Small Laser > --- INVENTORY -------- Ion Engine Light Treads Heat Sink Small Laser [Rating: 7] Favorites ----------- Power Light Ion Engine Engine Light Ion Engine Propulsion Aluminum Leg Treads Light Treads Leg Aluminum Leg Flight Unit Flight Unit Utility Large Matter Pod Storage Large Matter Pod Weapon Small Laser Energy Gun Small Laser Ballistic Gun Light Assault Rifle Special Weapon Mining Laser Build | -11 -10 -10 ------- Run | Yrd Mat Min Slots Evolved . | . . . Power . | . . . Propulsion . | . . . Utility . | . . . Weapon . | . . . Parts Attached 25 | 5 18 2 Power 4 | 1 3 . Engine 4 | 1 3 . Core . | . . . Reactor . | . . . Propulsion 9 | 2 6 1 Treads 2 | . 2 . Leg 6 | 2 3 1 Wheel . | . . . Hover . | . . . Flight 1 | . 1 . Utility 5 | . 5 . Device . | . . . Storage 5 | . 5 . Processor . | . . . Hackware . | . . . Protection . | . . . Artifact . | . . . Weapon 7 | 2 4 1 Energy Gun 4 | 2 2 . Energy Cannon . | . . . Ballistic Gun 2 | . 1 1 Ballistic Cannon . | . . . Launcher . | . . . Special Weapon 1 | . 1 . Impact Weapon . | . . . Slashing Weapon . | . . . Piercing Weapon . | . . . Special Melee Weapon . | . . . Unidentified Prototypes . | . . . Parts Lost 8 | . 1 7 Power 1 | . . 1 Propulsion 3 | . . 3 Utility . | . . . Weapon 4 | . 1 3 Highest Loss Streak 7 | . 1 7 To Critical Strikes . | . . . Average Slot Usage (%) 96 | . 96 95 Engine 13 | . 13 13 Treads 11 | . 7 25 Leg 15 | . 20 1 Storage 25 | . 25 28 Energy Gun 22 | . 21 24 Ballistic Gun 2 | . 3 1 Special Weapon 1 | . 2 . Naked Turns . | . . . Heaviest Build 21 | 6 21 19 Greatest Support 40 | 20 40 40 Greatest Overweight (x) 4 | . 2 4 Average Overweight (x) . | . . . Largest Inventory Capacity 10 | 5 10 10 Average Capacity 8 | 5 7 10 Most Carried 7 | 5 7 6 Average Carried 4 | 1 4 5 Final Capacity 10 | 5 10 10 Final Carried 6 | 3 6 4 Class Distribution -------------------- 81% | Mutant 18% | Scavenger-Mutant Dominant Class ---------------- Mutant | -10/Materials Mutant | -10/Mines Resources | -11 -10 -10 ----------- Run | Yrd Mat Min Matter Collected 557 | 250 307 . Remotely . | . . . Salvage Created 322 | 50 272 . Parts 34 | 4 30 . Haulers Intercepted . | . . . Recyclers Shooed . | . . . Parts Field Recycled . | . . . Retrieved Matter . | . . . Parts Self-Destructed . | . . . Prevented . | . . . Kills | -11 -10 -10 ------- Run | Yrd Mat Min Combat Hostiles Destroyed 10 | 1 9 . Guns 8 | 1 7 . AOE 2 | . 2 . Classes Destroyed 5 | 1 4 . Worker 1 | . 1 . Builder 1 | . 1 . Watcher 2 | . 2 . Swarmer 6 | . 6 . Grunt 4 | 1 3 . Best Kill Streak 3 | 1 3 . Combat Bots Only 3 | 1 3 . Max Kills in Single Turn 1 | 1 1 . Gunslinging . | . . . Exploded 1 | . 1 . Melee . | . . . Uniques/NPCs Destroyed . | . . . Combat | -11 -10 -10 -------- Run | Yrd Mat Min Hostile Shots Fired 132 | 5 47 80 Missed 41 | 2 11 28 Damage Taken 1252 | 32 312 908 Core 260 | . 62 198 Absorbed by Shields . | . . . Core Remaining (%) 100 | 100 . . Volleys Fired 47 | 6 33 8 Largest 2 | 2 2 2 Hottest 90 | 80 90 90 Shots Fired 82 | 12 59 11 Gun 82 | 12 59 11 Cannon . | . . . Launcher . | . . . Special . | . . . Kinetic 11 | . 7 4 Thermal 50 | 6 37 7 Explosive . | . . . Electromagnetic 21 | 6 15 . Robot Hit Streak 7 | 7 5 1 Robot Miss Streak 4 | 3 4 3 Penetration Max . | . . . Secondary Targets . | . . . Shots Hit Robots 36 | 7 26 3 Core Hits 22 | 2 18 2 Critical Kills . | . . . Critical Parts Destroyed . | . . . Critical Strikes 3 | . 3 . Burn 2 | . 2 . Corrupt 1 | . 1 . Melee Attacks . | . . . Impact . | . . . Slashing . | . . . Piercing . | . . . Sneak Attacks . | . . . Combat Hostiles . | . . . Follow-up Attacks . | . . . Damage Inflicted 499 | 85 376 38 Guns 430 | 85 308 37 Cannons . | . . . Explosions 68 | . 68 . Melee . | . . . Ramming 1 | . . 1 Kinetic 48 | . 33 15 Thermal 343 | 34 287 22 Explosive . | . . . Electromagnetic 107 | 51 56 . Impact . | . . . Slashing . | . . . Piercing . | . . . Highest Corruption . | . . . Average Corruption . | . . . Corruption Purged . | . . . Corruption Blocked . | . . . Overload Shots . | . . . Overflow Damage . | . . . Projectiles . | . . . Explosions . | . . . Melee . | . . . Knockbacks . | . . . Impact . | . . . Kinetic . | . . . Secondary . | . . . Self-Inflicted Damage . | . . . Shots . | . . . Rammed 1 | . . 1 Targets Rammed 1 | . . 1 Kicked . | . . . Crushed . | . . . Highest Temperature 162 | 126 162 62 Average Temperature 47 | 69 45 26 Received Heat Transfer 160 | 18 42 100 Siege Activations . | . . . Robots Corrupted . | . . . Combat Hostiles . | . . . Parts Fried . | . . . Impact Corruptions . | . . . Robots Melted . | . . . Combat Hostiles . | . . . Parts Melted 1 | . 1 . Heat Transferred 944 | 75 819 50 Parts Sabotaged . | . . . Parts Stolen . | . . . Parts Stripped . | . . . Power Chain Reactions 2 | . 2 . Alert | -11 -10 -10 ------- Run | Yrd Mat Min Peak Influence 241 | 20 241 36 Initial 36 | . 13 36 Average 86 | 5 113 32 Maximum Alert Level 1 | . 1 . Low Security (%) 76 | 100 66 100 Level 1 23 | . 33 . Level 2 . | . . . Level 3 . | . . . Level 4 . | . . . Level 5 . | . . . High Security . | . . . Max Security . | . . . Squads Dispatched 2 | . 2 . Investigation . | . . . Extermination . | . . . Reinforcement 2 | . 2 . Assault . | . . . Garrison . | . . . Intercept . | . . . Searches Triggered . | . . . Construction Impeded . | . . . Haulers Reinforced . | . . . Active Scanning Responses . | . . . Cargo Convoy Interrupts . | . . . Stealth | -11 -10 -10 --------- Run | Yrd Mat Min Distress Signals 2 | . 2 . Communications Jammed . | . . . Distress Signals . | . . . Times Spotted 29 | 1 13 15 Peak Tracking Total 15 | 1 4 15 Tactical Retreats 1 | . 1 . Traps | -11 -10 -10 ------- Run | Yrd Mat Min Traps Triggered . | . . . Indirectly . | . . . Trap Hack Attempts . | . . . Triggered . | . . . Disarmed . | . . . Reprogrammed . | . . . Reused . | . . . Traps Extracted . | . . . Installed . | . . . Triggered . | . . . Machines | -11 -10 -10 ---------- Run | Yrd Mat Min Machines Disabled . | . . . Max in Single Turn . | . . . Machines Repaired . | . . . Machines Dismantled . | . . . Machines Sabotaged . | . . . Overloaded Fab Kills . | . . . Hacking | -11 -10 -10 --------- Run | Yrd Mat Min Machines Accessed 2 | . 1 1 Terminals 1 | . 1 . Fabricators . | . . . Repair Stations . | . . . Recycling Units . | . . . Scanalyzers . | . . . Garrison Access . | . . . Total Hacks 5 | . 4 1 Successful 3 | . 2 1 Failed 2 | . 2 . Catastrophic . | . . . Database Lockouts . | . . . Manual 1 | . . 1 Terminals 4 | . 4 . Fabricators . | . . . Repair Stations . | . . . Recycling Units . | . . . Scanalyzers . | . . . Garrison Access . | . . . Terminal Hacks 3 | . 2 1 Prototype ID Bank 1 | . 1 . Open Door 1 | . . 1 Maintenance Status 1 | . 1 . Fabricator Hacks . | . . . Repair Station Hacks . | . . . Recycling Unit Hacks . | . . . Scanalyzer . | . . . Garrison Access Hacks . | . . . Unauthorized Hacks . | . . . Terminals . | . . . Fabricators . | . . . Repair Stations . | . . . Recycling Units . | . . . Scanalyzers . | . . . Garrison Access . | . . . Data Cores Recovered . | . . . Used . | . . . Hacking Detections 1 | . 1 . Full Trace Events 1 | . 1 . Feedback Events . | . . . Feedback Blocked . | . . . Robot Schematics Acquired . | . . . Robots Built . | . . . Authchips . | . . . Time . | . . . Total Robot Build Rating . | . . . Part Schematics Acquired . | . . . Parts Built . | . . . Authchips . | . . . Time . | . . . Total Part Build Rating . | . . . Parts Repaired . | . . . Time . | . . . Parts Recycled . | . . . Recycled Matter . | . . . Retrieved Matter . | . . . Retrieved Components . | . . . Parts Scanalyzed . | . . . Part Schematics Acquired . | . . . Parts Damaged . | . . . Bothacking | -11 -10 -10 ------------ Run | Yrd Mat Min Used RIF Installer . | . . . Robots Hacked . | . . . Non-combat . | . . . Combat . | . . . Robot Hacks Applied . | . . . Relay Couplers Released . | . . . Fabnet Peak Effective % . | . . . Robots Rewired . | . . . Allies Hacked . | . . . Hacks Repelled . | . . . Allies | -11 -10 -10 -------- Run | Yrd Mat Min Total Allies . | . . . Largest Group . | . . . Highest-Rated Group . | . . . Highest-Rated Ally . | . . . Total Orders . | . . . Ally Attacks . | . . . Total Damage . | . . . Kills . | . . . Allies Corrupted . | . . . Allies Melted . | . . . Intel | -11 -10 -10 ------- Run | Yrd Mat Min Robot Analysis Total . | . . . Derelict Logs Recovered . | . . . Drone Launches . | . . . Drone Recoveries . | . . . Exploration | -11 -10 -10 ------------- Run | Yrd Mat Min Turns Passed 940 | 76 655 209 Spaces Moved 573 | 64 394 115 Core 47 | 45 . 2 Treads 205 | . 96 109 Legs 317 | 19 294 4 Wheels . | . . . Hover . | . . . Flight 4 | . 4 . Fastest Speed 50 | 50 120 160 Average Speed 130 | 70 131 162 Slowest Speed 250 | 120 210 250 Overloaded Moves . | . . . Propulsion Burnouts . | . . . Robots Hopped . | . . . Cave-ins Triggered . | . . . Exploration Rate (%) 30 | 9 48 33 Regions Visited 2 Branch Regions 1 Pre-discovered Areas . | . . . Known Exits Taken . | . . . Unknown Exits Taken 2 | 1 1 . Scrap Searched . | . . . Spaces Dug . | . . . Terrain Destroyed 15 | . 15 . Melee . | . . . Projectile . | . . . AOE 15 | . 15 . Terrain Rammed . | . . . Walls Destroyed . | . . . Machines Disabled . | . . . Actions | -11 -10 -10 --------- Run | Yrd Mat Min Total 686 | 82 478 126 Wait . | . . . Move 571 | 63 393 115 Hop . | . . . Pick Up 26 | 8 18 . Fast Attach 1 | . 1 . Attach 14 | 5 7 2 Detach 2 | . 2 . Swap 10 | . 10 . Drop 14 | . 14 . Fire 47 | 6 33 8 Melee . | . . . Ram . | . . . Kick . | . . . Crush 1 | . . 1 Escape Stasis . | . . . Rewire . | . . . Trap . | . . . Miscellaneous . | . . . Route ------- -11/Scrapyard -10/Materials (discovered 2 exits: [*Mat] / *Min) -10/Mines History --------- Turn | Location | Event 2 | -11/Scrapyard | Met Revision 17 40 | -11/Scrapyard | Discovered new exit (range 8) 77 | -11/Scrapyard | Entered Materials 315 | -10/Materials | Discovered new exit (range 16) 327 | -10/Materials | Build established: Mutant 677 | -10/Materials | Discovered new exit (range 12) 732 | -10/Materials | Entered Mines 834 | -10/Mines | Met a Derelict who couldn't figure out how to use a Trap Extractor 892 | -10/Mines | Assembled infested the area 931 | -10/Mines | Core integrity fell below 50% 941 | -10/Mines | Core integrity fell below 20% 941 | -10/Mines | Destroyed by as-04055 with Assembled Rifle Last Messages --------------- here before something nasty happens..." Tosses Imp. Trap Extractor to the ground. F0-HQR(g) triggered Blade Trap. Massive razor-sharp blades shoot up from within the floor. Carbon-fiber Leg severed. Connecting with SHOP.Sys... ALERT: Infestation in the mines, dispatching Demolisher response squad. Sml. Laser destroyed. Lgt. Treads destroyed. as-78741 destroyed. Med. Laser destroyed. as-56458 destroyed. Lgt. Ion Engine destroyed. Lgt. Treads destroyed. Aluminum Leg destroyed. as-37020 sneak attacks. U-05 Engineer destroyed. Lgt. Assault Rifle destroyed. Map ----- +----------------------------------------------------+ | ??????????????????########???????#### #??? | | ???????????????#### ######### #??? | | ??????????###### ### #??? | | ?????????## #?# #??? | | ????????## ### ###########?# #??? | | ???????## ##?######??????????## ##??? | | ??????## #?????????????????## #???? | | ?????## #?????????????##### #???? | | ? #### #????????????## #???? | | #????????????# ##???? | | ##???????????# #####????? | | #### ## ##??????????# ###????????? | | ???###??##### #??????????###???????????? | | ????????????## #????????????????????????? | | ?????????????## #????????????????????????? | | ??????????????# ##???????????########????? | | ??????????????# ##??????????#""""""#????? | | ?????????????## #??????????#/!!!!!#????? | | ???????????### ##??????????# ^! #?????? | | ???????????# ##?????#####= =!#?????? | | ??????????# #????## ## ###????? | | ??????????# ## ##??## X #????? | | ?????????# #### #### ##???? | | ??????? ???## t t ### ##??? | | ?????? #????## ##?## #??? | | ????? ##??????## @a ##???#####??? | | ?????? #?????????#### a ##???????????? | | ?????? ##?????????????##aaa##????????????? | | ???????# ????????????????# a#?????????????? | | ???????#??????????###?????# !##????????????? | | ?????????????????## ##???# =%!##???????????? | | ?????????????????# #####% | #???????????? | | ????????????????## #???????????? | | ????????????????# % ##???????????? | | ????????????????# #########????????????? | | ????????????????# #????????????????????? | | ????????????????# ##????????????????????? | | ????????????????# #?????????????????????? | | ????????????????# ?????????????????????? | | ???????????????# ?????????????????????? | | ??????????????# ?????????????????????? | | ?????????????# ?????????????????????? | | ?????????????# ????????????????????? | | ?????????????## ????????????????????? | | ??????????????## ##????????????????????? | | ???????????????## ??????????????????????? | | ????????????????# ??????????????????????? | | ????????????????!% ??????????????????????? | | ???????????????? = ??????????????????????? | | ????????????????? ??????????????????????? | +----------------------------------------------------+ Best States ------------- Heat Dissipation 25 Energy Generation 10 Energy Capacity 250 Matter Stores 435 Matter Capacity 550 Sight Range 16 Terrain Scan Density 10 Evasion (%) 55 Recoil Reduction 2 Item Schematics ----------------- None Robot Schematics ------------------ None Fabricated ------------ Nothing Alien Tech Used ----------------- None Achievements -------------- None Challenges ------------ None Game ------ Seed TimingSpikedWand Manual? 0 Play Time 00:29:48 Cumulative 0.9 hours Start 2024.07.11 @ 19:16:11 End 2024.07.11 @ 19:54:38 Sessions 1 Manual Loads 0 Difficulty Rogue Special Mode None Game No. 2 Rogue 2 Adventurer 0 Explorer 0 Win Type - Total 0 Types 0/0/0/0/0/0/0/0/0 Lore% 0 Gallery% 1 Achievement% 1 Wizard Run 0 Options --------- Layout 1 ASCII 0 Keyboard 0 Movement Mouse Keybinds 0 Fullscreen 1 Font 24/Smallcaps Map View 50x35 Zoom Use 0% Tactical HUD 0 Map Filters NONE Filters NONE Steam 1 RUN: b0f19a65-e979-49d5-9af6-1d7d704c477e